 Dungeon Crawl Stone Soup version 0.20.1-1-g8b1a95d (webtiles) character file.

66 Gargoyl the Skirmisher (level 3, -3/33 HPs)
             Began as a Minotaur Abyssal Knight on Aug 31, 2017.
             Was a Believer of Lugonu.
             Slain by a gnoll (4 damage)
             ... on level 2 of the Dungeon.
             The game lasted 00:03:12 (1254 turns).

Gargoyl the Skirmisher (Minotaur Abyssal Knight)    Turns: 1254, Time: 00:03:13

Health: -3/33      AC:  9    Str: 16    XL:     3   Next: 96%
Magic:  3/3        EV:  7    Int:  9    God:    Lugonu [**....]
Gold:   62         SH:  0    Dex: 10    Spells: 2/2 levels left

rFire    . . .     SeeInvis +   j - +0 war axe
rCold    . . .     Gourm    .   (no shield)
rNeg     . . .     Faith    .   e - +1 chain mail
rPois    .         Spirit   .   (helmet restricted)
rElec    .         Reflect  .   (no cloak)
rCorr    .         Harm     .   (no gloves)
MR       +....                  m - +0 pair of boots
Stlth    ..........             (no amulet)
Regen    0.2/turn               k - ring of see invisible
MPRegen  0.1/turn               (no ring)

@: no status effects
A: retaliatory headbutt, horns 2, thin metallic scales 1, deformed body, magic
resistance 1
a: Depart the Abyss, Bend Space, Renounce Religion


You were on level 2 of the Dungeon.
You worshipped Lugonu.
Lugonu was pleased with you.
You were not hungry.

You visited 1 branch of the dungeon, and saw 2 of its levels.
You visited the Abyss 1 time.

You collected 62 gold pieces.

Inventory:

Hand Weapons
 a - a +1 hand axe
 j - a +0 war axe (weapon)
Missiles
 b - 2 tomahawks of returning
 g - 3 tomahawks (quivered)
Armour
 e - a +1 chain mail (worn)
 m - a +0 pair of boots (worn)
Jewellery
 k - a ring of see invisible (left hand)
Scrolls
 f - a scroll of blinking
Comestibles
 c - 2 bread rations
 d - a meat ration
 l - a royal jelly


   Skills:
 + Level 4.3 Fighting
 + Level 3.1 Axes
 * Level 3.5 Armour
 + Level 1.2 Dodging
 * Level 2.4 Invocations


You had 2 spell levels left.
You didn't know any spells.

Dungeon Overview and Level Annotations

Branches:
Dungeon (2/15)

Altars:
Uskayaw


Innate Abilities, Weirdness & Mutations

You reflexively headbutt those who attack you in melee.
You have a pair of horns on your head.
You are partially covered in thin metallic scales. (AC +2)
Armour fits poorly on your strangely shaped body.
You are resistant to hostile enchantments. (MR+)


Message History

The gnoll hits you. The gnoll hits you but does no damage.
The gnoll barely misses you.
The gnoll hits you from afar with a spear.
* * * LOW HITPOINT WARNING * * *
Unknown command.
You slash the gnoll!
You kill the gnoll!
Lugonu accepts your kill.
Your Axes skill increases to level 3!
Your chain mail prevents you from hitting the gnoll.
The gnoll hits you but does no damage.
The gnoll hits you from afar with a spear.
* * * LOW HITPOINT WARNING * * *
The gnoll hits you but does no damage. x2; The gnoll hits you.
* * * LOW HITPOINT WARNING * * *
You feel better.
The gnoll hits you from afar with a spear.
* * * LOW HITPOINT WARNING * * *
The gnoll hits you.
You die...

#...... # #..... #. #.....
#..#....############
#.#....##<........#
#....gg##.........#
#####+######..†)g##.........#
#..............@.##.........#
#.............#'###..†.†....#
##...........#.#.# #.........+
##...........#.#.# #..†......#
##...........#...###.........#
##...........#..........###+##
##....†......#..........#
.'...........#..........#
##...........#..........#


You could see 3 gnolls.

Vanquished Creatures
  A gnoll (D:2)
  An adder (D:2)
  An ooze (D:1)
  2 dart slugs
  2 giant cockroaches (D:2)
  5 goblins
  6 hobgoblins
  7 bats
  3 frilled lizards
  5 kobolds
  5 rats
38 creatures vanquished.

Notes
Turn   | Place    | Note
-------+----------+-------------------------------------------
     0 | Abyss:1  | Gargoyl the Minotaur Abyssal Knight began the quest for the Orb.
     0 | Abyss:1  | Reached XP level 1. HP: 19/19 MP: 1/1
     2 | Abyss:1  | Found a corrupted altar of Lugonu.
    27 | Abyss:2  | Found a corrupted altar of Lugonu.
    60 | Abyss:3  | Noticed a small abomination
    89 | Abyss:3  | Found a corrupted altar of Lugonu.
   120 | Abyss:3  | Noticed a thrashing horror
   124 | D:1      | Escaped the Abyss
   239 | D:1      | Reached XP level 2. HP: 25/27 MP: 2/2
   251 | D:1      | Reached * piety under Lugonu
   292 | D:1      | Gained mutation: Armour fits poorly on your strangely shaped body. [potion of mutation]
   292 | D:1      | Gained mutation: You are resistant to hostile enchantments. (MR+) [potion of mutation]
   292 | D:1      | Gained mutation: You are partially covered in thin metallic scales. (AC +2) [potion of mutation]
   380 | D:1      | Reached skill level 4 in Fighting
   863 | D:2      | Reached XP level 3. HP: 28/33 MP: 3/3
  1057 | D:2      | Found a hide-covered altar of Uskayaw.
  1220 | D:2      | Reached ** piety under Lugonu
  1253 | D:2      | HP: 1/33 [gnoll (2)]
  1254 | D:2      | Slain by a gnoll

Skill      XL: |  1  2  3 |
---------------+----------+-----
Invocations    | 2 |  2.4
Fighting       | 4 |  4.3
Armour         | 3 |  3.5
Axes           | 3 |  3.1
Dodging        | |  1.2

Action                   || total
-------------------------++-------
Melee: Hand axe          ||    62
       Headbutt          ||    10
       War axe           ||    20
Throw: Tomahawk          ||     5
Invok: Depart the Abyss  ||     1
  Use: Scroll            ||     7
       Potion            ||     2
  Eat: Chunk             ||     1
Armor: Chain mail        ||    78
Dodge: Dodged            ||    41
